 Dungeon Crawl Stone Soup version 0.18.1-48-g4cf74bf (webtiles) character file.

56504 silfa the Severer (level 14, -28/130 HPs)
             Began as a Minotaur Fighter on Sept 1, 2016.
             Was the Champion of Okawaru.
             Killed from afar by a balrug (36 damage)
             ... with a fireball
             ... on level 2 of the Abyss.
             The game lasted 02:33:21 (21283 turns).

silfa the Severer (Minotaur Fighter)               Turns: 21283, Time: 02:33:22

Health: -28/130    AC: 30    Str: 28    XL:     14   Next: 42%
Magic:  13/13      EV:  8    Int:  5    God:    Okawaru [******]
Gold:   1472       SH: 16    Dex: 13    Spells: 1 memorised, 11 levels left

rFire  . . .     SeeInvis .     c - +5 war axe of Okawaru's Hope {chop, Str+5}
rCold  . . .     Gourm    .     Y - +0 crystal plate armour
rNeg   . . .     Faith    .     B - +2 shield {reflect}
rPois  .         Spirit   .     a - +1 hat
rElec  .         Dismiss  +     H - +0 cloak {MR+}
rCorr  .         Reflect  +     K - +0 pair of gloves
SustAt .         Harm     .     T - +0 pair of boots {run}
MR     ++...                    W - amulet of dismissal
Stlth  ..........               e - +2 ring of slaying
                                O - +4 ring of slaying

@: about to teleport, quick, very resistant to hostile enchantments, extremely
unstealthy
A: retaliatory headbutt, horns 2, talons 1, molten scales 1, blurry vision 2, no
device heal 1
a: Heroism, Finesse, Renounce Religion


You were on level 2 of the Abyss.
You worshipped Okawaru.
Okawaru was exalted by your worship.
You were hungry.

You visited 3 branches of the dungeon, and saw 19 of its levels.
You visited the Abyss 1 time.
You also visited: Labyrinth.

You collected 1576 gold pieces.
You spent 104 gold pieces at shops.

Inventory:

Hand Weapons
 c - the +5 war axe of Okawaru's Hope (weapon) {chop, Str+5}
   (Okawaru gifted it to you on level 3 of the Lair of Beasts)

   It inflicts extra damage upon your enemies.
   It affects your strength (+5).
 y - a +5 broad axe of electrocution
 Q - a +0 shortbow
 X - a +5 eveningstar of crushing
Missiles
 r - 189 arrows (quivered)
Armour
 a - a +1 hat (worn)
 B - a +2 shield of reflection (worn)
 H - a +0 cloak of magic resistance (worn)
 K - a +0 pair of gloves (worn)
 L - a +2 shield of fire resistance
 T - a +0 pair of boots of running (worn)
 V - a +0 ring mail of poison resistance
 Y - a +0 crystal plate armour (worn)
Jewellery
 e - a +2 ring of slaying (right hand)
 t - an uncursed ring of protection from fire
 O - a +4 ring of slaying (left hand)
 U - an uncursed amulet of guardian spirit
 W - an amulet of dismissal (around neck)
Wands
 w - a wand of paralysis (5/24)
Scrolls
 j - 3 scrolls of teleportation
 k - 4 scrolls of amnesia
 l - a scroll of torment
 q - 3 scrolls of enchant weapon
 u - 2 scrolls of fear
 v - 4 scrolls of magic mapping
 x - 6 scrolls of remove curse
 A - 3 scrolls of fog
 E - a scroll of immolation
 F - 3 scrolls of enchant armour
 J - 3 scrolls of vulnerability
 N - a scroll of recharging
Potions
 d - 3 potions of might
 g - 4 potions of invisibility
 h - 10 potions of agility
 m - 4 potions of lignification
 o - 4 potions of curing
 s - a potion of haste
 z - a potion of brilliance
 D - a potion of flight
 G - a potion of magic
 P - a potion of cancellation
 S - a potion of resistance
Books
 b - a book of Geomancy

   Spells                             Type                      Level
   a - Sandblast                      Earth                        1
   b - Passwall                       Transmutation/Earth          2
   c - Stone Arrow                    Conjuration/Earth            3
   d - Petrify                        Transmutation/Earth          4
   e - Lee's Rapid Deconstruction     Earth                        5
 i - a book of Spatial Translocations

   Spells                             Type                      Level
   a - Apportation                    Translocation                1
   b - Blink                          Translocation                2
   c - Shroud of Golubria             Charms/Translocation         2
   d - Portal Projectile              Translocation                3
   e - Teleport Other                 Translocation                3
   f - Passage of Golubria            Translocation                4
Miscellaneous
 Z - a phantom mirror
Comestibles
 f - 11 bread rations
 p - 13 meat rations
 C - a slice of pizza
 I - 5 beef jerkies


   Skills:
 + Level 13.8 Fighting
 + Level 16.1(16.2) Axes
 + Level 3.4(11.3) Maces & Flails
 + Level 14.3 Armour
 + Level 3.5 Dodging
 + Level 1.3 Stealth
 + Level 14.9 Shields
 + Level 0.4 Invocations


You had 11 spell levels left.
You knew the following spells:

 Your Spells              Type           Power        Failure   Level  Hunger
a - Blink                 Tloc           N/A          100%        2    ###....


Dungeon Overview and Level Annotations

Branches:
Dungeon (9/15)             Temple (0/1) D:4            Lair (8/8) D:8
  Swamp (0/4) Lair:5        Snake (0/4) Lair:3        Slime (0/6) Lair:8
    Orc (2/2) D:9
    Elf: Orc:2

Altars:
Ashenzari
Cheibriados
Dithmenos
Elyvilon
Fedhas
Gozag
Kikubaaqudgha
Makhleb
Nemelex Xobeh
Okawaru
Pakellas
Sif Muna
Vehumet
Xom
Yredelemnul
Zin

Shops:
D:4 %   D:6 !   Orc:2 [!

Annotations:
Lair:8 exclusion: 2 oklob plants


Innate Abilities, Weirdness & Mutations

You reflexively headbutt those who attack you in melee.
You have a pair of horns on your head.
You have sharp toenails.
You are partially covered in molten scales (AC +1).
Potions and wands are less effective at restoring your health.
[Scrolls take you longer to read.]


Message History

You can't read that!
Read which item? (? for menu, Esc to quit)
Really read with blurry vision while enemies are nearby?
Uppercase [Y]es or [N]o only, please.
Really read with blurry vision while enemies are nearby?
The balrug gestures at you.
The fireball explodes!
The fireball engulfs you!
* * * LOW HITPOINT WARNING * * *
You begin reading the scroll.
You continue reading the scroll.
The balrug gestures at you. Something smites you!
* * * LOW HITPOINT WARNING * * *
As you read the scroll of teleportation, it crumbles to dust.
You feel strangely unstable.
You feel the power of the Abyss delaying your translocation!
You are feeling hungry.
The balrug gestures at you.
The fireball explodes!
The fireball engulfs the sun demon.
The sun demon completely resists.
The fireball engulfs you!
You die...

# . ..#.#..#...
#. #......2# #..
####.#.#...#
#..#...#..#3..#
#....#2.#.###
##...##.#....#
#.#...###.#.#...
#.#3#...... #
#@........#
#.####..##. #.##
#..##. ## #....
#.#


You could see a balrug and a sun demon.

Vanquished Creatures
  Maud (Lair:5)
  A minotaur (Lab)
  Harold (Lair:2)
  5 hydras
  Erolcha (D:8)
  A sun demon (Abyss:2)
  Nergalle (Orc:2)
  A wretched star (Abyss:2)
  Pikel (D:6)
  4 lindwurms (Lair:7)
  A hill giant (D:9)
  6 orc sorcerers (Orc:2)
  An ugly thing (D:8)
  6 elephants
  A sixfirhy (Abyss:2)
  2 griffons
  Joseph (D:8)
  3 black mambas
  20 spiny frogs
  A gargoyle (D:8)
  2 rime drakes
  5 komodo dragons
  A troll (Orc:2)
  A spriggan druid (Lair:8)
  A merfolk (D:9)
  12 polar bears
  Grinder (D:4)
  A boulder beetle (Lair:8)
  14 blink frogs
  3 redbacks (Lair:8)
  8 spriggans (Lair:8)
  A ynoxinul (Abyss:2)
  A wyvern (Lair:1)
  34 yaks
  4 basilisks
  2 hungry ghosts (D:8)
  10 hippogriffs
  2 vampire mosquitoes (D:9)
  A warg (Orc:2)
  3 nagas (Lair:3)
  15 water moccasins
  A sky beast (D:8)
  Duvessa (D:4)
  10 porcupines
  A swamp drake (D:9)
  4 slaves (D:6)
  7 orc warriors
  4 wasps (Lair:8)
  4 black bears
  7 ice beasts
  6 ogres
  5 phantoms
  22 wolves
  2 centaurs
  19 crocodiles
  Blork the orc (D:4)
  13 giant frogs
  A small abomination (Abyss:2)
  A big kobold (D:8)
  Dowan (D:4)
  3 scorpions
  5 wights (D:6)
  6 howler monkeys
  7 crimson imps
  A wasp zombie (D:7)
  3 centaur skeletons
  2 giant frog zombies
  3 hounds
  A jelly (D:8)
  7 orc priests
  21 orc wizards
  2 giant frog skeletons
  9 iguanas
  Ijyb (D:3)
  Terence (D:3)
  5 worker ants
  12 sheep
  2 hound zombies
  A hound skeleton (D:7)
  2 howler monkey zombies
  Robin (D:3)
  A howler monkey skeleton (D:4)
  15 adders
  56 river rats
  4 shadow imps
  A white imp (Abyss:2)
  4 oozes
  2 adder skeletons (D:6)
  An adder zombie (D:5)
  2 worms (D:3)
  A dart slug (D:5)
  4 giant geckos
  65 orcs
  2 ball pythons (D:1)
  6 giant cockroaches
  14 goblins
  14 hobgoblins
  20 jackals
  15 kobolds
  4 quokkas
  4 bats
  4 giant newts
  A jackal skeleton (D:8)
  A jackal zombie (D:8)
  8 rats
  9 fungi
  7 plants
651 creatures vanquished.

Vanquished Creatures (collateral kills)
  A polar bear (Lair:8)
  A spriggan (Lair:8)
  A river rat (Lair:8)
3 creatures vanquished.

Vanquished Creatures (others)
  An orc (Orc:1)
  34 fungi
  24 plants
59 creatures vanquished.

Grand Total: 713 creatures vanquished

Notes
Turn   | Place    | Note
--------------------------------------------------------------
     0 | D:1      | silfa the Minotaur Fighter began the quest for the Orb.
     0 | D:1      | Reached XP level 1. HP: 19/19 MP: 0/0
    76 | D:1      | Reached XP level 2. HP: 25/27 MP: 1/1
   541 | D:1      | Reached XP level 3. HP: 33/33 MP: 2/2
   884 | D:2      | Reached skill level 1 in Dodging
  1105 | D:2      | Found an oddly glowing altar of Pakellas.
  1204 | D:2      | Reached XP level 4. HP: 40/40 MP: 3/3
  1263 | D:2      | Found a white marble altar of Elyvilon.
  1589 | D:3      | Noticed Ijyb
  1601 | D:3      | Killed Ijyb
  1606 | D:3      | Found a basalt altar of Yredelemnul.
  1608 | D:3      | Noticed Terence
  1616 | D:3      | Killed Terence
  1616 | D:3      | Reached skill level 3 in Axes
  1616 | D:3      | Reached skill level 5 in Shields
  1751 | D:3      | Noticed Robin
  1755 | D:3      | Reached XP level 5. HP: 44/46 MP: 4/4
  1759 | D:3      | Killed Robin
  1816 | D:3      | Found a deep blue altar of Sif Muna.
  1834 | D:3      | Found a blossoming altar of Fedhas.
  2158 | D:3      | Found a snail-covered altar of Cheibriados.
  2360 | D:3      | Found an iron altar of Okawaru.
  2393 | D:3      | Became a worshipper of Warmaster Okawaru
  2452 | D:3      | Found a sparkling altar of Nemelex Xobeh.
  2487 | D:3      | Found a shimmering altar of Xom.
  2689 | D:3      | Found an opulent altar of Gozag.
  2689 | D:3      | Found a shattered altar of Ashenzari.
  2727 | D:3      | Found a glowing silver altar of Zin.
  2815 | D:4      | Noticed a phantom
  2820 | D:4      | Found Iwiqairr's Food Shoppe.
  2836 | D:4      | Reached skill level 5 in Armour
  2836 | D:4      | Reached XP level 6. HP: 42/53 MP: 5/5
  2844 | D:4      | Reached skill level 4 in Axes
  2875 | D:4      | Reached * piety under Okawaru
  2876 | D:4      | Noticed Grinder
  2876 | D:4      | Paralysed by Grinder for 6 turns
  2884 | D:4      | Paralysed by Grinder for 5 turns
  2901 | D:4      | Killed Grinder
  2901 | D:4      | Reached skill level 5 in Fighting
  2901 | D:4      | Reached skill level 5 in Axes
  2901 | D:4      | Reached XP level 7. HP: 29/61 MP: 6/6
  2910 | D:4      | Noticed Duvessa
  2912 | D:4      | Noticed Dowan
  2929 | D:4      | Killed Duvessa
  2935 | D:4      | Killed Dowan
  2935 | D:4      | Reached ** piety under Okawaru
  3398 | D:4      | Noticed Blork the orc
  3406 | D:4      | Killed Blork the orc
  3464 | D:4      | Reached XP level 8. HP: 67/69 MP: 7/7
  3566 | D:4      | Found a staircase to the Ecumenical Temple.
  3769 | D:4      | Reached skill level 6 in Axes
  3862 | D:5      | Entered Level 5 of the Dungeon
  3902 | D:5      | Found a white marble altar of Elyvilon.
  4523 | D:6      | Noticed Pikel
  4543 | D:6      | Killed Pikel
  4543 | D:6      | Reached *** piety under Okawaru
  4543 | D:6      | Reached skill level 7 in Axes
  4543 | D:6      | Reached skill level 1 in Stealth
  4543 | D:6      | Reached XP level 9. HP: 44/79 MP: 8/8
  4717 | D:6      | Found a radiant altar of Vehumet.
  4807 | D:6      | Gained mutation: You regenerate slowly when monsters are visible. [potion of mutation]
  4807 | D:6      | Gained mutation: You are partially covered in molten scales (AC +1). [potion of mutation]
  4807 | D:6      | Lost mutation: You regenerate slowly when monsters are visible. [potion of mutation]
  4808 | D:6      | Gained mutation: Potions and wands are less effective at restoring your health. [potion of mutation]
  4808 | D:6      | Gained mutation: You have sharp toenails. [potion of mutation]
  4899 | D:6      | Reached skill level 8 in Axes
  5010 | D:6      | Found Sabipt's Distillery.
  5017 | D:6      | Bought a potion of heal wounds for 65 gold pieces
  5017 | D:6      | Bought a potion of curing for 39 gold pieces
  5479 | D:7      | Reached **** piety under Okawaru
  5633 | D:7      | Reached skill level 9 in Axes
  6027 | D:8      | Noticed Erolcha
  6028 | D:8      | Noticed Joseph
  6291 | D:8      | Killed Erolcha
  6291 | D:8      | Reached XP level 10. HP: 55/90 MP: 5/9
  6392 | D:8      | Killed Joseph
  6609 | D:8      | Noticed a gargoyle
  6623 | D:8      | Killed a gargoyle
  6792 | D:8      | Noticed a brown ugly thing
  6811 | D:8      | Killed a brown ugly thing
  6811 | D:8      | Reached skill level 10 in Axes
  6811 | D:8      | Reached skill level 10 in Shields
  6966 | D:8      | Reached ***** piety under Okawaru
  7542 | D:8      | Reached skill level 10 in Armour
  7594 | D:8      | Found a staircase to the Lair.
  7666 | Lair:1   | Entered Level 1 of the Lair of Beasts
  7752 | Lair:1   | Noticed a spiny frog
  7769 | Lair:1   | Killed a spiny frog
  7816 | Lair:1   | Noticed a spiny frog
  7825 | Lair:1   | Killed a spiny frog
  7845 | Lair:1   | Noticed a spiny frog
  7857 | Lair:1   | Killed a spiny frog
  8250 | Lair:1   | Reached XP level 11. HP: 97/97 MP: 10/10
  8267 | Lair:1   | Reached skill level 11 in Axes
  9080 | Lair:2   | Found a burning altar of Makhleb.
  9081 | Lair:2   | Noticed a griffon
  9091 | Lair:2   | Killed a griffon
  9286 | Lair:2   | Noticed a five-headed hydra
  9299 | Lair:2   | Killed a five-headed hydra
  9473 | Lair:2   | Reached skill level 10 in Fighting
  9514 | Lair:2   | Received a gift from Okawaru
  9543 | Lair:2   | Reached ****** piety under Okawaru
  9566 | Lair:2   | Noticed Harold
  9577 | Lair:2   | Killed Harold
  9577 | Lair:2   | Reached skill level 12 in Axes
  9577 | Lair:2   | Reached skill level 1 in Maces & Flails
  9616 | Lair:2   | Identified a scroll of acquirement
 10028 | Lair:3   | Found a labyrinth entrance.
 10121 | Lab      | Entered a labyrinth
 10886 | Lab      | Noticed a minotaur
 10908 | Lab      | Killed a minotaur
 10910 | Lab      | Got a fine ring mail
 11198 | Lab      | Got a translucent chain mail
 11310 | Lair:3   | Reached XP level 12. HP: 107/107 MP: 11/11
 11463 | Lair:3   | Found a staircase to the Snake Pit.
 11772 | Lair:3   | Received a gift from Okawaru
 11777 | Lair:3   | Got an encrusted war axe {god gift}
 11778 | Lair:3   | Identified the +5 war axe of Okawaru's Hope {chop, Str+5} (Okawaru gifted it to you on level 3 of the Lair of Beasts)
 12956 | Lair:4   | Noticed an eight-headed hydra
 12964 | Lair:4   | Killed an eight-headed hydra
 12964 | Lair:4   | Reached skill level 13 in Axes
 13830 | Lair:5   | Found a staircase to the Swamp.
 14139 | Lair:5   | Noticed Maud
 14173 | Lair:5   | Received a gift from Okawaru
 14189 | Lair:5   | Identified a +0 pair of boots of running (Okawaru gifted it to you on level 5 of the Lair of Beasts)
 14544 | Lair:5   | Killed Maud
 14975 | Lair:6   | Noticed a six-headed hydra
 14983 | Lair:6   | Killed a six-headed hydra
 15006 | Lair:6   | Noticed an eight-headed hydra
 15015 | Lair:6   | Killed an eight-headed hydra
 15015 | Lair:6   | Reached skill level 14 in Axes
 15015 | Lair:6   | Reached XP level 13. HP: 81/118 MP: 8/12
 15934 | Lair:7   | Received a gift from Okawaru
 16685 | Lair:7   | Identified the Compendium of a Hundred Curses (You found it on level 7 of the Lair of Beasts)
 16690 | Lair:7   | Got an encrusted dagger
 16733 | Lair:8   | Entered Level 8 of the Lair of Beasts
 16810 | Lair:8   | Received a gift from Okawaru
 17333 | Lair:8   | Received a gift from Okawaru
 17333 | Lair:8   | Reached skill level 15 in Axes
 17743 | Lair:8   | Reached XP level 14. HP: 123/129 MP: 11/13
 17890 | Lair:8   | Found a staircase to the Slime Pits.
 18993 | D:9      | Identified the Compendium of Twisted Augmentations (You found it on level 9 of the Dungeon)
 19013 | D:9      | Learned a level 2 spell: Blink
 19659 | D:9      | Found a shadowy altar of Dithmenos.
 19765 | D:9      | Found a staircase to the Orcish Mines.
 20197 | Orc:1    | Entered Level 1 of the Orcish Mines
 20278 | Orc:1    | Received a gift from Okawaru
 20543 | Orc:2    | Entered Level 2 of the Orcish Mines
 20823 | Orc:2    | Found Jeimyar's Antique Armour Emporium.
 20905 | Orc:2    | Found an ancient bone altar of Kikubaaqudgha.
 20906 | Orc:2    | Noticed Nergalle
 20914 | Orc:2    | Killed Nergalle
 20917 | Orc:2    | Reached skill level 16 in Axes
 21072 | Orc:2    | Found Qasaa's Distillery.
 21103 | Orc:2    | Cast into level 2 of the Abyss (an ogre mage)
 21158 | Abyss:2  | Noticed a bone dragon
 21186 | Abyss:2  | Noticed an ophan
 21271 | Abyss:2  | Noticed a balrug
 21274 | Abyss:2  | HP: 5/130 [balrug/divine providence (12)]
 21283 | Abyss:2  | Killed from afar by a balrug

Skill      XL: |  1  2  3  4  5  6  7  8  9 10 11 12 13 14 |
---------------+-------------------------------------------+-----
Armour         | 4 5 6 7 9 10 12 13 14 | 14.3
Shields        | 4 5 6 7 9 10 11 13 14 | 14.9
Fighting       | 4 5 7 8 9 10 12 13 | 13.8
Dodging        | 1 2 3 |  3.5
Axes           | 3 5 7 9 10 12 14 15 16 | 16.1
Stealth        | 1 |  1.3
Maces & Flails | 1 3 |  3.4
Invocations    | |  0.4

Action                   |  1- 3 |  4- 6 |  7- 9 | 10-12 | 13-15 || total
-------------------------+-------+-------+-------+-------+-------++-------
Melee: War axe           |    96 |   133 |   253 |   338 |   490 ||  1310
       Headbutt          |    12 |    23 |    60 |   118 |   123 ||   336
       Kick              |       |       |    32 |   156 |       ||   188
       Broad axe         |       |       |       |    95 |       ||    95
       Dire flail        |       |       |       |    21 |       ||    21
       Eveningstar       |       |       |       |     9 |    24 ||    33
       Flail             |       |       |       |     3 |       ||     3
Invok: Heroism           |       |       |       |     2 |       ||     2
  Use: Scroll            |     5 |       |     9 |    13 |    14 ||    41
       Potion            |       |       |     2 |     4 |     6 ||    12
  Eat: Chunk             |     1 |     5 |    11 |    15 |    15 ||    47
       Beef jerky        |       |       |     1 |     1 |     1 ||     3
       Fruit             |       |       |       |     4 |     1 ||     5
       Bread ration      |       |       |       |     1 |       ||     1
       Royal jelly       |       |       |       |     1 |       ||     1
       Pizza             |       |       |       |     2 |     1 ||     3
Armor: Scale mail        |    39 |       |       |       |       ||    39
       Chain mail        |     6 |    43 |       |       |       ||    49
       Plate armour      |       |    39 |   135 |    41 |       ||   215
       Crystal plate arm |       |       |       |   219 |   220 ||   439
Dodge: Dodged            |    30 |    35 |    59 |   107 |   106 ||   337
Block: Shield            |    74 |    74 |   143 |   305 |   421 ||  1017
       Reflection        |       |       |       |       |     8 ||     8
